Map: Blackpink LE

Players

PtitDrogo - Winner!

  • Race: Protoss Protoss
  • Spawn Location: 7:00

EonBlu

  • Race: Zerg Zerg
  • Spawn Location: 1:00

Event: WCS Leipzig 2018

VOD

Have the link to the VOD?

Description

Time

  • Played on: Jan. 26, 2018, 6:25 a.m.
  • Length: 9:05

All games in this series

Show
View Real Time Build Order
Export as new Build Order

PtitDrogo Protoss - Winner!

Build Orders: 1 Gate Expand, Oracle Opening, Phoenix Opening 

Get SALT Encoding   

  12  0:01  Probe  
  13  0:13  Probe  
  14  0:20  Pylon  
  14  0:25  Probe  
  15  0:38  Probe (Chrono Boost)  
  16  0:44  Gateway  
  16  0:47  Probe (Chrono Boost), Assimilator  
  17  0:52  Probe (Chrono Boost)  
  18  1:04  Probe  
  19  1:16  Probe  
  20  1:24  Nexus  
  20  1:34  Cybernetics Core  
  20  1:37  Probe  
  21  1:42  Assimilator  
  21  1:49  Probe  
  21  1:51  Pylon  
  23  2:01  Probe  
  23  2:10  Adept (Chrono Boost)  
  23  2:13  Probe  
  26  2:16  Stargate  
  26  2:25  Probe, Warp Gate  
  27  2:32  Adept  
  29  2:37  Probe (Chrono Boost)  
  29  2:38  Probe (Chrono Boost)  
  31  2:47  Probe x2 (Chrono Boost)  
  33  2:52  Probe x2 (Chrono Boost)  
  33  2:54  Pylon  
  35  3:04  Probe x2, Oracle (Chrono Boost)  
  40  3:16  Probe x2  
  42  3:25  Gateway  
  42  3:27  Gateway  
  42  3:28  Probe, Adept  
  42  3:31  Probe  
  46  3:38  Phoenix (Chrono Boost)  
  46  3:40  Probe  
  49  3:43  Pylon  
  49  3:46  Probe  
  50  3:49  Assimilator  
  50  3:51  Assimilator  
  50  3:53  Pylon  
  50  3:56  Probe  
  50  4:01  Probe  
  52  4:10  Probe  
  52  4:13  Probe  
  54  4:18  Robotics Facility  
  54  4:22  Probe  
  55  4:28  Adept x3  
  55  4:30  Probe  
  62  4:36  Pylon  
  62  4:38  Probe  
  63  4:41  Nexus  
  63  4:45  Probe  
  64  4:50  Sentry  
  64  4:51  Sentry x2  
  70  4:56  Probe  
  71  5:02  Probe  
  72  5:08  Probe  
  72  5:10  Robotics Bay  
  72  5:11  Observer  
  74  5:14  Probe  
  74  5:21  Probe  
  76  5:26  Probe  
  76  5:27  Adept x2  
  71  5:30  Adept  
  71  5:32  Forge  
  71  5:37  Probe  
  71  5:41  Immortal (Chrono Boost)  
  72  5:45  Gateway  
  72  5:46  Gateway x2  
  72  5:47  Probe  
  72  5:48  Pylon  
  77  5:56  Probe  
  78  6:00  Adept x3  
  78  6:01  Protoss Ground Weapons Level 1 (Chrono Boost)  
  84  6:06  Colossus (Chrono Boost)  
  84  6:07  Probe  
  84  6:08  Probe  
  92  6:17  Probe  
  93  6:22  Probe x2  
  93  6:24  Pylon  
  95  6:26  Extended Thermal Lance  
  95  6:29  Probe  
  95  6:31  Pylon  
  96  6:34  Probe x2  
  96  6:36  Twilight Council  
  98  6:41  Probe  
  98  6:45  Adept x2  
  98  6:46  Adept x2, Probe x2  
  107  6:52  Stalker  
  107  6:53  Stalker  
  111  6:56  Assimilator  
  111  6:57  Colossus (Chrono Boost)  
  111  6:58  Assimilator  
  117  7:10  Pylon  
  117  7:11  Photon Cannon  
  117  7:18  Pylon  
  116  7:28  Pylon  
  115  7:30  Pylon  
  115  7:32  Pylon  
  115  7:37  Pylon  
  115  7:39  Colossus (Chrono Boost)  
  115  7:40  Gateway  
  115  7:44  Gateway  
  115  7:46  Stalker  
  121  7:55  Stalker x3  
  121  7:56  Stalker x2  
  131  8:04  Photon Cannon  
  131  8:07  Photon Cannon  
  131  8:10  Stalker  
  133  8:18  Pylon  
  133  8:19  Stalker  
  135  8:30  Stalker x4  
  148  8:43  Zealot  
  148  8:44  Zealot  
  130  8:58  Stalker x3  
Show
View Real Time Build Order
Export as new Build Order

EonBlu Zerg 

Build Orders: Hatch First, Lurkers 

Get SALT Encoding   

  12  0:00  Drone  
  13  0:12  Overlord  
  13  0:18  Drone  
  14  0:30  Drone x2  
  16  0:49  Hatchery  
  15  0:52  Drone  
  15  0:55  Drone  
  17  0:59  Drone  
  18  1:10  Extractor  
  17  1:15  Spawning Pool  
  17  1:18  Drone  
  17  1:20  Drone  
  18  1:28  Drone  
  19  1:41  Overlord  
  19  1:52  Drone  
  20  2:02  Drone, Zergling x2  
  20  2:03  Queen x2  
  26  2:12  Metabolic Boost  
  26  2:15  Drone  
  27  2:16  Drone  
  28  2:33  Hatchery  
  28  2:36  Drone  
  28  2:38  Drone  
  29  2:44  Zergling x2  
  29  2:46  Drone x2  
  29  2:47  Drone  
  33  2:53  Overlord  
  33  3:01  Drone  
  34  3:09  Drone x2  
  34  3:12  Zergling x4  
  37  3:13  Drone x2  
  37  3:14  Drone x2  
  37  3:18  Drone  
  37  3:19  Drone  
  42  3:29  Overlord  
  42  3:30  Drone  
  42  3:32  Spore Crawler  
  42  3:33  Spore Crawler  
  41  3:40  Queen  
  43  3:41  Lair  
  43  3:48  Drone x2  
  43  3:49  Drone x2  
  43  3:50  Drone  
  49  3:55  Drone x2  
  49  3:56  Drone  
  49  3:57  Spore Crawler  
  49  4:02  Queen  
  52  4:09  Evolution Chamber  
  49  4:10  Drone x3, Extractor  
  49  4:11  Extractor  
  49  4:13  Drone  
  49  4:15  Overlord  
  50  4:20  Extractor  
  50  4:21  Drone  
  50  4:22  Overlord  
  50  4:30  Overlord  
  50  4:33  Drone  
  50  4:35  Zerg Missile Weapons Level 1  
  50  4:36  Drone  
  51  4:39  Overlord  
  51  4:42  Drone x4  
  51  4:44  Drone  
  56  4:52  Hydralisk Den  
  55  4:55  Zergling x2  
  55  4:56  Zergling x8  
  55  4:58  Zergling x2  
  60  5:04  Zergling x6  
  62  5:12  Zergling x6  
  62  5:15  Drone  
  62  5:18  Drone  
  61  5:22  Drone x2  
  61  5:24  Drone  
  61  5:26  Drone  
  60  5:33  Muscular Augments  
  60  5:34  Drone x2  
  62  5:37  Drone  
  62  5:39  Drone x2  
  62  5:41  Drone  
  66  5:46  Overlord  
  66  6:00  Overlord x2  
  64  6:04  Hydralisk x4  
  64  6:06  Hydralisk  
  74  6:16  Overlord  
  74  6:17  Overlord  
  74  6:21  Hydralisk x2  
  74  6:22  Hydralisk x2  
  82  6:27  Extractor  
  82  6:28  Drone  
  82  6:29  Drone, Lurker Den  
  82  6:31  Drone  
  83  6:36  Zerg Missile Weapons Level 2  
  83  6:40  Drone x3  
  83  6:42  Drone  
  86  6:47  Hydralisk x2  
  89  6:54  Drone x2  
  89  6:56  Zergling x2  
  89  6:57  Zergling x6  
  89  6:58  Drone x2  
  89  7:00  Drone  
  98  7:09  Overlord x2  
  98  7:12  Zergling x10  
  98  7:13  Zergling x2  
  104  7:27  Hydralisk x2  
  104  7:28  Hydralisk x2  
  104  7:29  Overlord x2  
  109  7:30  Overlord  
  109  7:37  Zergling x6  
  109  7:38  Zergling x8  
  109  7:41  Overseer  
  114  7:52  Zergling x8  
  114  7:53  Zergling x4  
  114  7:57  Lurker x5  
  120  7:59  Lurker  
  120  8:00  Lurker x2  
  120  8:02  Zergling x6  
  126  8:11  Zergling x8  
  126  8:12  Zergling x12  
  136  8:15  Lurker x2  
  137  8:26  Zergling x8  
  128  8:29  Lurker x2  
  130  8:40  Zergling x2  
  130  8:41  Zergling x12  
Tags
 
Add a new tag
Caveats
  • Supply blocks, unpowered buildings, or Contaminate may cause inaccurate times.
  • Supply counts are checked every 10 seconds.